 Dungeon Crawl Stone Soup version 0.25-a0-577-ga4619f409e (webtiles) character file.

Game seed: 8866892868812015706, levelgen mode: deterministic

1026 kae the Sneak (level 8, -4/52 HPs)
             Began as a Vampire Enchanter on Mar 2, 2020.
             Slain by a hornet zombie (9 damage)
             ... on level 5 of the Dungeon.
             The game lasted 00:04:32 (4177 turns).

kae the Sneak (Vampire Enchanter)                   Turns: 4177, Time: 00:04:32

Health: -4/52      AC:  2    Str:  9    XL:     8   Next: 2%
Magic:  8/14       EV: 13    Int: 17    God:
Gold:   195        SH:  0    Dex: 15    Spells: 9/15 levels left

rFire    . . .     SeeInvis +   a - +2 dagger
rCold    . . .     Gourm    .   (no shield)
rNeg     . . .     Faith    .   b - +0 robe
rPois    .         Spirit   .   (no helmet)
rElec    .         Reflect  .   (no cloak)
rCorr    .         Harm     .   (no gloves)
MR       +....                  (no boots)
Stlth    ++++......             (no amulet)
HPRegen  0.37/turn              e - ring of protection from magic
MPRegen  0.14/turn              (no ring)

@: confusing touch, regenerating quickly
A: no food, fangs 3, see invisible, unbreathing
a: Exsanguinate


You were on level 5 of the Dungeon.
You were alive.

You visited 1 branch of the dungeon, and saw 5 of its levels.

You collected 195 gold pieces.

Inventory:

Hand Weapons
 a - a +2 dagger (weapon)
Armour
 b - a +0 robe (worn)
Jewellery
 e - a ring of protection from magic (left hand)
Wands
 l - a wand of flame (15)
 n - a wand of iceblast (12)
 p - a wand of random effects (4)
Scrolls
 d - 4 scrolls of remove curse
 i - a scroll of enchant weapon
 k - a scroll of teleportation
 r - a scroll of identify
Potions
 c - a potion of mutation
 f - a potion of curing
 g - 2 potions of brilliance {unknown}
 h - a potion of magic {unknown}
 j - a potion of heal wounds {unknown}
 m - 2 potions of flight {unknown}
 o - 2 potions of stabbing {unknown}
 q - a potion of invisibility {unknown}


   Skills:
 * Level 6.5 Short Blades
 - Level 2.1 Dodging
 + Level 7.7 Stealth
 + Level 4.2 Spellcasting
 + Level 7.4 Hexes


You had 9 spell levels left.
You knew the following spells:

 Your Spells              Type           Power        Failure   Level  Hunger
a - Corona                Hex            ####...      1%          1    N/A
b - Ensorcelled Hibernat  Hex/Ice        ###...       4%          2    N/A
c - Confusing Touch       Hex            ####....     2%          3    N/A

Your spell library contained the following spells:

 Spells                   Type           Power        Failure   Level  Hunger
 Tukima's Dance           Hex            ####....     2%          3    N/A
 Dazzling Flash           Conj/Hex       ###...       10%         3    N/A

Dungeon Overview and Level Annotations

Branches:
Dungeon (5/15)
 Temple: D:4-7

Altars:
Kikubaaqudgha
Okawaru
The Shining One


Innate Abilities, Weirdness & Mutations

You do not eat.
Your natural rate of healing is unusually fast.
You have razor-sharp teeth.
You have supernaturally acute eyesight. (SInv)
You can survive without breathing.


Message History

Your bite misses the ice beast. You hit the ice beast.
The ice beast is lightly wounded.
The ice beast hits you. The ice beast freezes you.
You catch the helpless ice beast completely off-guard!
You impale the ice beast!!
The ice beast is almost dead.
The ice beast hits you. The ice beast freezes you!
* * * LOW HITPOINT WARNING * * *
You hit the ice beast but do no damage.
The ice beast is almost dead.
You hit the ice beast.
You kill the ice beast!
You have reached level 8!
Casting: Confusing Touch (safe; 2% risk of failure)
Confirm with . or Enter, or press ? or * to list all spells.
Your hands begin to glow red.
The hornet zombie hits you.
* * * LOW HITPOINT WARNING * * *
The hornet zombie hits you!
You die...

..... #.....# ...
#.....## #.#
#......# #.#
#....()# #.#
#....... #.#
#######. #.# #.
#Z# ## #@# # #.# #
#.################
#..%..............
##################


You could see a hornet zombie.

Vanquished Creatures
  Edmund (D:4)
  An ice beast (D:5)
  A centaur (D:5)
  Blork the orc (D:4)
  A crimson imp (D:5)
  3 bullfrog skeletons
  2 orc priests (D:4)
  3 hounds
  An orc wizard (D:4)
  3 worker ants
  Ijyb (D:3)
  Terence (D:3)
  A howler monkey skeleton (D:5)
  13 adders
  A shadow imp (D:5)
  An ooze (D:1)
  2 worms
  An adder skeleton (D:4)
  4 leopard geckos
  14 orcs
  A ball python (D:2)
  6 giant cockroaches
  12 hobgoblins
  8 jackals
  4 kobolds
  3 quokkas
  6 bats
  4 frilled lizards
  6 goblins
  2 leopard gecko zombies (D:5)
  A quokka skeleton (D:5)
  5 rats
114 creatures vanquished.

Vanquished Creatures (others)
  A human (D:2)
1 creature vanquished.

Grand Total: 115 creatures vanquished

Notes
Turn   | Place    | Note
-------+----------+-------------------------------------------
     0 | D:1      | kae the Vampire Enchanter began the quest for the Orb.
     0 | D:1      | Reached XP level 1. HP: 13/13 MP: 3/3
   276 | D:1      | Reached XP level 2. HP: 8/19 MP: 3/5
   319 | D:1      | Learned a level 2 spell: Ensorcelled Hibernation
   592 | D:2      | Reached XP level 3. HP: 16/24 MP: 0/6
   670 | D:2      | Reached skill level 5 in Stealth
   753 | D:2      | Reached skill level 5 in Hexes
   843 | D:2      | Reached XP level 4. HP: 20/30 MP: 7/7
   895 | D:2      | Found an iron altar of Okawaru.
  1077 | D:2      | Found an ancient bone altar of Kikubaaqudgha.
  1078 | D:2      | Noticed a human
  1081 | D:2      | Killed a human
  1432 | D:3      | Reached XP level 5. HP: 29/35 MP: 9/9
  1571 | D:3      | Noticed Ijyb
  1651 | D:3      | Noticed Terence
  1653 | D:3      | Killed Terence
  1801 | D:3      | Learned a level 3 spell: Confusing Touch
  1988 | D:3      | Killed Ijyb
  2519 | D:4      | Noticed Blork the orc
  2522 | D:4      | Killed Blork the orc
  2522 | D:4      | Reached XP level 6. HP: 41/41 MP: 10/10
  2960 | D:4      | Found a glowing golden altar of the Shining One.
  3068 | D:4      | Noticed Edmund
  3316 | D:4      | Reached skill level 5 in Short Blades
  3383 | D:4      | Killed Edmund
  3383 | D:4      | Reached XP level 7. HP: 10/46 MP: 7/12
  3631 | D:5      | Entered Level 5 of the Dungeon
  4176 | D:5      | Reached XP level 8. HP: 11/52 MP: 10/14
  4177 | D:5      | Slain by a hornet zombie

Levels and vault maps discovered:
D:1:      minmay_arrival_four_houses, layout_basic
D:2:      layout_basic, okawaru_trees_2, tgw_kikubaaqudgha
D:3:      layout_loops_ring, grunt_decor_fettered, minmay_pentomino_pile,
          uniq_ijyb, uniq_terence
D:4:      layout_basic, lemuel_doored_altar, uniq_blork_the_orc, uniq_edmund
D:5:      layout_basic, vehumet_altar_wand_db, first_ration

Skill      XL: |  1  2  3  4  5  6  7 |
---------------+----------------------+-----
Short Blades   | 2 3 4 5 6 |  6.5
Stealth        | 5 6 7 |  7.7
Hexes          | 5 6 7 |  7.4
Spellcasting   | 3 4 |  4.2
Dodging        | |  2.1

Action                   |  1- 3 |  4- 6 |  7- 9 || total
-------------------------+-------+-------+-------++-------
Melee: Dagger            |   109 |   166 |    88 ||   363
       Bite              |     3 |    18 |     9 ||    30
 Cast: Corona            |     3 |     2 |     3 ||     8
       Ensorcelled Hiber |     7 |    26 |    15 ||    48
       Confusing Touch   |       |     1 |     6 ||     7
  Use: Scroll            |     2 |     4 |     1 ||     7
 Stab: Sleeping          |    11 |    31 |     9 ||    51
       Confused          |       |     1 |     5 ||     6
Armor: Robe              |    11 |    17 |    11 ||    39
Dodge: Dodged            |    69 |    86 |    39 ||   194

Table legend:
 A = Non-vault XP
 B = Vault XP
 C = Vault XP percentage of total XP
 D = Non-vault monster count
 E = Vault monster count
 F = Vault count percentage of total count
                 A         B        C        D         E       F
            +---------+---------+-------+---------+---------+-------
      Total |    1104 |     363 |  24.7 |     103 |      11 |   9.6
            +---------+---------+-------+---------+---------+-------
        D:1 |      36 |       0 |   0.0 |      17 |       0 |   0.0
        D:2 |     105 |       2 |   1.9 |      25 |       1 |   3.8
        D:3 |      64 |     106 |  62.4 |      20 |       8 |  28.6
        D:4 |     346 |     255 |  42.4 |      23 |       2 |   8.0
        D:5 |     553 |       0 |   0.0 |      18 |       0 |   0.0
            +---------+---------+-------+---------+---------+-------
